Map: World of Sleepers LE

Players

DRG

  • Race: Zerg Zerg
  • League: Master
  • Spawn Location: 7:00

soO - Winner!

  • Race: Zerg Zerg
  • Spawn Location: 1:00

VOD

Have the link to the VOD?

Description

Time

  • Played on: Jan. 16, 2020, 5:58 a.m.
  • Length: 9:26
Show
View Real Time Build Order
Export as new Build Order

DRG Zerg 

Build Orders: Hatch First 

Get SALT Encoding   

  12  0:00  Drone  
  13  0:12  Overlord  
  13  0:17  Drone  
  14  0:30  Drone  
  14  0:31  Drone  
  16  0:47  Hatchery  
  15  0:51  Drone  
  15  0:54  Drone  
  17  0:57  Drone  
  18  1:08  Extractor  
  17  1:12  Spawning Pool  
  17  1:16  Drone  
  17  1:19  Drone  
  18  1:28  Drone  
  19  1:38  Drone  
  20  1:49  Drone  
  21  1:59  Queen x2  
  21  2:00  Overlord  
  21  2:01  Zergling x2  
  26  2:09  Metabolic Boost  
  26  2:11  Drone x2  
  28  2:21  Drone x2  
  30  2:31  Zergling x2  
  31  2:40  Hatchery  
  31  2:42  Drone x2  
  32  2:49  Overlord  
  32  2:50  Baneling Nest  
  31  2:57  Drone x2  
  33  3:04  Drone  
  33  3:05  Drone  
  35  3:14  Drone x3  
  35  3:18  Drone x3  
  35  3:19  Overlord  
  41  3:24  Drone  
  42  3:28  Overlord  
  42  3:33  Drone  
  43  3:41  Queen  
  43  3:43  Zergling x8  
  43  3:47  Zergling x2  
  50  3:49  Evolution Chamber  
  50  3:51  Overlord  
  50  3:55  Zergling x8  
  53  3:59  Zergling x2  
  53  4:02  Zergling x2  
  55  4:03  Overlord  
  55  4:09  Zergling x2  
  56  4:11  Zergling x6  
  56  4:13  Zergling x2  
  56  4:14  Baneling x3  
  56  4:15  Baneling  
  56  4:16  Zergling x2  
  61  4:22  Zergling x2  
  61  4:29  Zergling x10  
  66  4:32  Baneling x2  
  66  4:34  Queen x2  
  70  4:38  Drone  
  70  4:39  Drone x2  
  73  4:48  Drone  
  74  4:55  Drone x8  
  74  4:57  Extractor x2  
  74  4:59  Zerg Missile Weapons Level 1  
  78  5:04  Roach Warren, Baneling x2  
  75  5:08  Drone  
  75  5:12  Overlord  
  76  5:15  Overlord  
  76  5:16  Overlord  
  76  5:21  Overlord  
  76  5:25  Overlord  
  76  5:26  Overlord  
  76  5:31  Overlord  
  72  5:45  Roach  
  72  5:46  Roach x8  
  88  5:51  Roach  
  88  5:54  Roach x3  
  94  5:58  Roach x2  
  94  6:01  Roach  
  94  6:03  Roach  
  102  6:05  Roach  
  102  6:10  Roach x2  
  108  6:11  Roach  
  108  6:16  Overlord  
  110  6:23  Zergling x12  
  115  6:29  Zergling x8  
  119  6:34  Zergling x6  
  119  6:39  Zergling x10  
  127  6:42  Zergling x2  
  126  6:47  Zergling x8  
  126  6:51  Zergling x4  
  132  6:58  Zergling x2  
  132  6:59  Zergling x2  
  133  7:04  Zergling x2  
  133  7:07  Zergling x8  
  138  7:12  Zergling x2  
  138  7:13  Zergling x8  
  124  7:15  Zergling x2  
  124  7:22  Zergling x6  
  113  7:25  Zergling x4  
  113  7:28  Lair  
  99  7:34  Roach  
  81  7:38  Roach x7  
  81  7:39  Roach  
  95  7:45  Roach x2  
  95  7:47  Roach  
  95  7:50  Roach x2  
  102  7:53  Roach  
  96  8:01  Roach x3  
  97  8:06  Roach  
  97  8:07  Roach x2  
  97  8:08  Ravager  
  97  8:09  Ravager x2  
  97  8:12  Roach  
  108  8:15  Roach x2  
  108  8:17  Roach  
  114  8:22  Ravager  
  114  8:25  Roach x2  
  118  8:30  Roach x2  
  121  8:36  Roach x2  
  125  8:42  Roach x2  
  125  8:44  Zergling x8  
  121  8:56  Zergling x18  
  121  9:01  Roach x2  
  114  9:04  Roach  
Show
View Real Time Build Order
Export as new Build Order

soO Zerg - Winner!

Build Orders: Hatch First 

Get SALT Encoding   

  12  0:00  Drone  
  13  0:12  Overlord  
  13  0:16  Drone  
  14  0:30  Drone x2  
  16  0:47  Hatchery  
  15  0:50  Drone  
  15  0:54  Drone  
  17  0:58  Drone  
  18  1:08  Extractor  
  17  1:12  Spawning Pool  
  17  1:16  Drone  
  17  1:19  Drone  
  18  1:27  Drone  
  19  1:38  Drone  
  20  1:48  Overlord  
  20  1:58  Queen  
  20  1:59  Zergling x2, Queen  
  20  2:00  Drone  
  26  2:10  Drone x2  
  26  2:11  Metabolic Boost  
  28  2:21  Drone x2  
  30  2:33  Hatchery  
  29  2:39  Drone x2  
  31  2:45  Queen  
  31  2:49  Overlord  
  33  2:56  Baneling Nest  
  33  2:57  Drone  
  33  3:02  Zergling x2  
  33  3:04  Drone x2  
  36  3:08  Drone  
  36  3:12  Drone  
  38  3:13  Evolution Chamber  
  38  3:14  Drone  
  38  3:20  Drone  
  38  3:23  Drone  
  38  3:24  Drone  
  41  3:28  Roach Warren  
  40  3:38  Zerg Missile Weapons Level 1  
  40  3:40  Drone x2  
  42  3:44  Overlord  
  42  3:45  Drone  
  42  3:47  Zergling x2  
  42  3:48  Zergling x4  
  46  3:52  Zergling x4  
  48  3:57  Overlord  
  48  4:01  Overlord  
  48  4:04  Drone  
  48  4:05  Drone x2  
  48  4:08  Drone  
  48  4:09  Drone x2  
  54  4:11  Drone  
  54  4:16  Overlord  
  55  4:17  Baneling  
  55  4:18  Drone x2, Baneling  
  57  4:28  Zergling x4  
  59  4:33  Overlord  
  59  4:42  Roach  
  59  4:43  Roach x5  
  59  4:44  Extractor  
  69  4:46  Extractor, Baneling  
  68  4:53  Zergling x8  
  68  4:56  Zergling x4, Roach  
  74  5:03  Zergling x4  
  74  5:06  Baneling  
  76  5:07  Zergling x8  
  79  5:16  Zergling x4  
  79  5:18  Zergling x2, Baneling x2  
  82  5:29  Overlord  
  82  5:30  Lair  
  82  5:32  Drone x4  
  82  5:33  Overlord  
  82  5:34  Overlord  
  88  5:36  Overlord  
  88  5:38  Overlord  
  85  5:45  Drone  
  85  5:48  Drone x2  
  85  5:51  Drone x2  
  88  5:57  Roach  
  88  6:00  Drone  
  88  6:02  Extractor  
  88  6:03  Extractor, Drone x3  
  92  6:04  Roach x7  
  92  6:11  Roach x3  
  110  6:13  Roach  
  110  6:16  Roach  
  110  6:17  Roach  
  114  6:34  Glial Reconstitution  
  114  6:35  Drone  
  114  6:36  Drone x2  
  114  6:37  Overlord  
  114  6:39  Drone  
  118  6:42  Roach x5  
  118  6:44  Overlord  
  118  6:46  Overlord  
  128  6:47  Overlord  
  128  6:50  Spine Crawler  
  128  6:51  Spine Crawler  
  126  6:55  Roach  
  126  6:56  Ravager  
  126  6:57  Ravager  
  126  6:58  Roach x2  
  134  7:04  Roach  
  136  7:09  Roach  
  136  7:10  Roach x2  
  136  7:11  Roach x2  
  134  7:20  Roach x2  
  134  7:21  Zergling x2, Roach x2  
  129  7:23  Roach  
  129  7:28  Roach  
  129  7:29  Roach  
  127  7:32  Roach  
  127  7:33  Roach x2  
  127  7:34  Roach  
  125  7:38  Roach x2  
  125  7:41  Roach x2  
  125  7:42  Overlord  
  136  7:51  Roach x2  
  136  7:55  Roach x2  
  136  7:57  Ravager  
  141  8:00  Queen  
  141  8:02  Roach  
  141  8:06  Roach x2  
  141  8:07  Roach x3  
  151  8:15  Roach  
  151  8:16  Roach x3  
  157  8:23  Roach x3  
  163  8:28  Ravager, Overlord  
  163  8:32  Roach  
  163  8:33  Roach  
  168  8:35  Ravager  
  168  8:38  Roach  
  168  8:43  Overlord  
  168  8:46  Roach  
  170  8:48  Roach  
  170  8:49  Roach x2  
  170  8:50  Roach x2  
  170  8:51  Roach  
  170  8:53  Roach  
  172  8:56  Roach  
  172  8:57  Roach  
  172  8:58  Roach  
  172  9:00  Roach  
  172  9:02  Roach  
  170  9:03  Roach  
  170  9:05  Roach  
  160  9:20  Ravager x2  
  160  9:21  Ravager  
Tags
 
Add a new tag
Caveats
  • Supply blocks, unpowered buildings, or Contaminate may cause inaccurate times.
  • Supply counts are checked every 10 seconds.